 Dungeon Crawl Stone Soup version 0.20.0 (webtiles) character file.

4747 SpeedrunTech the Cleaver (level 10, -1/92 HPs)
             Began as a Minotaur Berserker on June 11, 2017.
             Was a Priest of Trog.
             Slain by an ogre
             ... wielding a +0 giant club
              (12 damage)
             ... on level 9 of the Dungeon.
             The game lasted 00:03:43 (5311 turns).

SpeedrunTech the Cleaver (Minotaur Berserker)       Turns: 5311, Time: 00:03:43

Health: -1/92      AC:  9    Str: 24    XL:     10   Next: 23%
Magic:  9/9        EV:  9    Int:  5    God:    Trog [***...]
Gold:   189        SH: 12    Dex: 10    Spells: 9/9 levels left

rFire    + . .     SeeInvis +   a - +2 hand axe (flame)
rCold    + . .     Gourm    .   p - +0 shield
rNeg     . . .     Faith    .   q - +0 scale mail
rPois    .         Spirit   .   (helmet restricted)
rElec    .         Reflect  .   u - scarf {rC+ rF+}
rCorr    .         Harm     .   (no gloves)
MR       ++...                  r - +2 pair of boots
Stlth    ..........             (no amulet)
Regen    1.3/turn               s - ring of see invisible
MPRegen  0.2/turn               (no ring)

@: berserk cooldown, regenerating, slowed, very slow
A: retaliatory headbutt, horns 2
a: Berserk, Trog's Hand, Burn Spellbooks, Renounce Religion


You were on level 9 of the Dungeon.
You worshipped Trog.
Trog was most pleased with you.
You were near starving.

You visited 1 branch of the dungeon, and saw 9 of its levels.

You collected 189 gold pieces.

Inventory:

Hand Weapons
 a - a +2 hand axe of flaming (weapon)
 e - a +0 hand axe
 w - a +0 war axe
Armour
 p - a +0 shield (worn)
 q - a +0 scale mail (worn)
 r - a +2 pair of boots (worn)
 u - a scarf of resistance (worn)
Jewellery
 s - a ring of see invisible (left hand)
Wands
 b - a wand of iceblast (5/15)
Scrolls
 h - a scroll of teleportation
Potions
 c - a potion of brilliance
 f - a potion of ambrosia {unknown}
 g - 2 potions of heal wounds {unknown}
 i - 3 potions of haste
 k - 2 potions of curing
 t - a potion of invisibility {unknown}
 x - a potion of mutation {unknown}
Comestibles
 d - 2 royal jellies


   Skills:
 + Level 9.7 Fighting
 * Level 12.5 Axes
 - Level 2.4 Armour
 - Level 2.1 Dodging
 * Level 9.3 Shields


You had 9 spell levels left.
You didn't know any spells.

Dungeon Overview and Level Annotations

Branches:
Dungeon (9/15)                Orc (0/2) D:9
 Temple: D:4-7         Lair: D:8-11

Altars:
Dithmenos
Gozag

Shops:
D:5 %


Innate Abilities, Weirdness & Mutations

You reflexively headbutt those who attack you in melee.
You have a pair of horns on your head.


Message History

You slash the big kobold! You burn the big kobold.
You kill the big kobold!
Trog accepts your kill.
You hit the gnoll sergeant. You burn the gnoll sergeant.
You kill the gnoll sergeant!
Trog accepts your kill. The gnoll hits you but does no damage.
You block the orc warrior's attack.
The big kobold throws a stone.
The stone closely misses you.
Unknown command.
Okay, then.
It was a potion of curing.
You feel better.
The gnoll hits you from afar with a spear.
* * * LOW HITPOINT WARNING * * *
The orc warrior barely misses you.
The big kobold throws a stone.
You block the stone. The ogre barely misses you. You furiously retaliate!
You headbutt the ogre! The gnoll closely misses you.
You block the orc warrior's attack.
The big kobold hits you but does no damage.
You block the orc warrior's attack. The ogre hits you with a giant club!
You die...

..# #.# *,,,,,,,,,,* #.### #.#
*,,,,,,,,,,* ....######.#
#######,,,,,,,,,,*
...8.#.....###8...8#,,,,,,,,,,*
.....#.##....#.....#,,,,,,,,,,*
._.....###.###..>..#,,,,,,,,,,*
.....### #.# #.)go(#,,,,,,,,,,*
...8.# #.# #8OK)8#*****+*****
....######+#####@#####*,,,*
#.###................#*,***
#.#.'......?.#######.#*,*******
#...#.........+,* *,,,,,,,,,,,*
....#.}.......#,***,,,,,,,,,,,*
.####.........#,,,,,,,,,,,,,,,*
## #.........#****,,,,,,,,,,,*
#.........# *,,,,,,,,,,,*
########### *,,,,,,,,,,,*


You could see an orc warrior, a big kobold, an ogre and a gnoll.

Vanquished Creatures
  A two-headed ogre (D:9)
  A troll (D:9)
  2 hippogriffs
  2 hungry ghosts (D:7)
  A water moccasin (D:8)
  A sky beast (D:7)
  A black bear (D:9)
  An ice beast (D:9)
  2 necrophages
  4 orc warriors
  3 ogres
  A phantom (D:8)
  A centaur (D:7)
  3 big kobolds (D:9)
  2 gnoll sergeants
  A wyvern skeleton (D:7)
  5 scorpions
  10 killer bees
  2 howler monkeys (D:7)
  2 crimson imps
  A bullfrog zombie (D:6)
  2 hounds
  2 orc priests
  A quasit (D:7)
  7 orc wizards
  2 bullfrog skeletons
  Jessica (D:2)
  2 iguanas
  A worker ant (D:6)
  8 gnolls
  11 adders
  An ooze (D:1)
  2 worms (D:2)
  3 dart slugs
  A leopard gecko (D:7)
  24 orcs
  9 bats
  A giant cockroach (D:2)
  6 goblins
  2 hobgoblins (D:1)
  A quokka (D:2)
  5 frilled lizards
  3 kobolds
  5 rats
147 creatures vanquished.

Notes
Turn   | Place    | Note
-------+----------+-------------------------------------------
     0 | D:1      | SpeedrunTech the Minotaur Berserker began the quest for the Orb.
     0 | D:1      | Reached XP level 1. HP: 19/19 MP: 0/0
    36 | D:1      | Reached skill level 4 in Axes
    54 | D:1      | Reached XP level 2. HP: 23/27 MP: 1/1
   361 | D:2      | Reached XP level 3. HP: 22/34 MP: 2/2
   479 | D:2      | Noticed Jessica
   483 | D:2      | Killed Jessica
   483 | D:2      | Reached skill level 5 in Axes
   659 | D:2      | Reached XP level 4. HP: 25/41 MP: 3/3
   664 | D:2      | Reached ** piety under Trog
   900 | D:2      | Reached skill level 5 in Fighting
  1422 | D:5      | Entered Level 5 of the Dungeon
  1425 | D:5      | Reached skill level 6 in Axes
  1425 | D:5      | Reached XP level 5. HP: 41/48 MP: 4/4
  1516 | D:5      | Found Athroar's Food Boutique.
  1841 | D:5      | Reached XP level 6. HP: 39/57 MP: 5/5
  2070 | D:5      | Reached skill level 7 in Axes
  2234 | D:7      | Noticed an orc warrior
  2242 | D:7      | Killed an orc warrior
  2242 | D:7      | Reached skill level 8 in Axes
  2242 | D:7      | Reached XP level 7. HP: 36/64 MP: 6/6
  2256 | D:7      | HP: 6/64 [orc wizard/dagger (3)]
  2659 | D:7      | Reached skill level 9 in Axes
  2679 | D:7      | HP: 6/66 [poisoned by a gnoll sergeant]
  2686 | D:7      | HP: 5/66 [poisoned by a gnoll sergeant]
  2693 | D:7      | HP: 5/66 [poisoned by a gnoll sergeant]
  3242 | D:7      | Reached skill level 1 in Shields
  3266 | D:7      | Noticed a hippogriff
  3279 | D:7      | Killed a hippogriff
  3279 | D:7      | Reached XP level 8. HP: 65/73 MP: 7/7
  3588 | D:7      | Reached skill level 10 in Axes
  3621 | D:7      | Reached skill level 5 in Shields
  3625 | D:7      | Reached *** piety under Trog
  3927 | D:8      | Reached XP level 9. HP: 79/81 MP: 8/8
  4113 | D:8      | Reached skill level 11 in Axes
  4708 | D:9      | Found an opulent altar of Gozag.
  4766 | D:9      | Noticed a two-headed ogre
  4776 | D:9      | Killed a two-headed ogre
  4972 | D:9      | Found a shadowy altar of Dithmenos.
  5036 | D:9      | Reached skill level 12 in Axes
  5105 | D:9      | Reached XP level 10. HP: 91/91 MP: 9/9
  5280 | D:9      | Found a staircase to the Orcish Mines.
  5295 | D:9      | Received a gift from Trog
  5308 | D:9      | HP: 9/92 [big kobold/dagger of electrocution (13)]
  5308 | D:9      | HP: 1/92 [gnoll sergeant/trident (8)]
  5311 | D:9      | Slain by an ogre

Skill      XL: |  1  2  3  4  5  6  7  8  9 10 |
---------------+-------------------------------+-----
Axes           | 4 5 6 8 9 10 12 | 12.5
Fighting       | 4 5 6 7 8 9 |  9.7
Shields        | 3 6 8 9 |  9.3
Armour         | |  2.4
Dodging        | |  2.1

Action                   |  1- 3 |  4- 6 |  7- 9 | 10-12 || total
-------------------------+-------+-------+-------+-------++-------
Melee: Hand axe          |    55 |    93 |   235 |    29 ||   412
       Headbutt          |     6 |    20 |    42 |     6 ||    74
Invok: Berserk           |     1 |     4 |     7 |     1 ||    13
       Trog's Hand       |       |     1 |     2 |     1 ||     4
       Burn Spellbooks   |       |       |     1 |       ||     1
  Use: Scroll            |       |       |    12 |     2 ||    14
       Potion            |       |       |     1 |     1 ||     2
 Stab: Sleeping          |     1 |     1 |       |       ||     2
  Eat: Chunk             |       |     6 |     1 |     1 ||     8
       Bread ration      |       |     2 |       |       ||     2
       Meat ration       |       |       |     2 |       ||     2
       Fruit             |       |       |     1 |       ||     1
Armor: Animal skin       |    13 |    15 |     3 |       ||    31
       Scale mail        |       |       |    53 |    13 ||    66
Dodge: Dodged            |    36 |    59 |    69 |    21 ||   185
Block: Shield            |       |       |    84 |    36 ||   120
